Workbook

Sheet Opći podaci
A1: Prilog 1.
A2: OPĆI PODACI ZA IZDAVATELJE | N2: 1
N3: 2
A4: Razdoblje izvještavanja: | E4: 46023 | G4: do | H4: 46295 | N4: 3
N5: 4
B6: Godina: | E6: 2026
B8: Kvartal: | E8: 3
A10: Tromjesečni financijski izvještaji
A11: Matični broj (MB): | C11: 03075281 | F11: Oznaka matične države članice izdavatelja:
A13: Matični broj subjekta (MBS): | C13: 040001061
A15: Osobni identifikacijski broj (OIB): | C15: 82023167977 | G15: LEI: | H15: 3157003OO9IA06S5FS61
B17: Šifra ustanove: | C17: 3309
A19: Tvrtka izdavatelja: | C19: ADRIS GRUPA d. d.
A21: Poštanski broj i mjesto: | C21: 52210 | G21: Rovinj
A23: Ulica i kućni broj: | C23: Obala Vladimira Nazora 1
A25: Adresa e-pošte: | C25: postmaster@adris.hr
A27: Internet adresa: | C27: www.adris.hr
A29: Broj zaposlenih (krajem izvještajnog razdoblja): | C29: 8894
A31: Konsolidirani izvještaj: | C31: KD | D31: (KN-nije konsolidirano/KD-konsolidirano) | I31: KN | J31: KD
A33: Revidirano: | C33: RN | D33: (RN-nije revidirano/RD-revidirano) | I33: RN | J33: RD
A35: Tvrtke ovisnih subjekata (prema MSFI): | E35: Sjedište: | J35: MB:
A37: MAISTRA d. d. | E37: Rovinj, Obala Vladimira Nazora 6 | J37: 01919016
A39: CROMARIS d. d. | E39: Zadar, Gaženička cesta 4/b | J39: 02561077
A41: CROATIA osiguranje d. d. | E41: Zagreb, Vatroslava Jagića 33 | J41: 03276147
A43: ABILIA d. o. o. | E43: Rovinj, Obala Vladimira Nazora 1 | J43: 01788493
A45: HUP-ZAGREB d.d. | E45: Zagreb, Trg Krešimira Ćosića 9 | J45: 080022720
A47: ZELOVO d. o. o. | E47: Zagreb, Jurišićeva ulica 1/a | J47: 080761932
A49: BABINDUB d. o. o. | E49: Zagreb, Jurišićeva ulica 1/a | J49: 081271975
A51: ENCRO VOŠTANE d. o. o. | E51: Zagreb, Jurišićeva ulica 1/a | J51: 081077159
A53: VRTAČA d. o. o. | E53: Zagreb, Jurišićeva ulica 1/a | J53: 060359259
J54: Da
J55: Ne
A56: Knjigovodstveni servis: | C56: Ne | E56: (Da/Ne)
G57: (tvrtka knjigovodstvenog servisa)
A58: Osoba za kontakt: | C58: Palinec, Vitomir
C59: (unosi se samo prezime i ime osobe za kontakt)
A60: Telefon: | C60: 052 801 118
A62: Adresa e-pošte: | C62: postmaster@adris.hr
A64: Revizorsko društvo:
C65: (tvrtka revizorskog društva)
A66: Ovlašteni revizor:
C67: (ime i prezime)

Sheet Bilanca
A1: BILANCA
A2: stanje na dan 30.09.2026
A3: u eurima
A4: Obveznik: ADRIS GRUPA d. d.
A5: Naziv pozicije | G5: AOP oznaka | H5: Zadnji dan prethodne poslovne godine | I5: Na izvještajni datum tekućeg razdoblja
A6: 1 | G6: 2 | H6: 3 | I6: 4
A8: A) POTRAŽIVANJA ZA UPISANI A NEUPLAĆENI KAPITAL | G8: 1 | H8: 0 | I8: 0
A9: B) DUGOTRAJNA IMOVINA (AOP 003+010+020+031+036) | G9: 2 | H9: =H10+H17+H27+H38+H43 -> 2.5577139e+09 | I9: =I10+I17+I27+I38+I43 -> 2.7378593e+09
A10: I. NEMATERIJALNA IMOVINA (AOP 004 do 009) | G10: 3 | H10: =H11+H12+H13+H14+H15+H16 -> 1.0905113e+08 | I10: =I11+I12+I13+I14+I15+I16 -> 1.0817447e+08
A11: 1. Izdaci za razvoj | G11: 4 | H11: 0 | I11: 0
A12: 2. Koncesije, patenti, licencije, robne i uslužne marke, softver i ostala prava | G12: 5 | H12: 32723961 | I12: 31070668
A13: 3. Goodwill | G13: 6 | H13: 67788564 | I13: 67780382
A14: 4. Predujmovi za nabavu nematerijalne imovine | G14: 7 | H14: 7531.51 | I14: 7508.35
A15: 5. Nematerijalna imovina u pripremi | G15: 8 | H15: 3476040.3 | I15: 3707946.5
A16: 6. Ostala nematerijalna imovina | G16: 9 | H16: 5055037.7 | I16: 5607961
A17: II. MATERIJALNA IMOVINA (AOP 011 do 019) | G17: 10 | H17: =H18+H19+H20+H21+H22+H23+H24+H25+H26 -> 1.2596019e+09 | I17: =I18+I19+I20+I21+I22+I23+I24+I25+I26 -> 1.2885605e+09
A18: 1. Zemljište | G18: 11 | H18: 1.6503153e+08 | I18: 1.6408021e+08
A19: 2. Građevinski objekti | G19: 12 | H19: 5.3027588e+08 | I19: 5.1646241e+08
A20: 3. Postrojenja i oprema | G20: 13 | H20: 2.0678418e+08 | I20: 1.9951296e+08
A21: 4. Alati, pogonski inventar i transportna imovina | G21: 14 | H21: 42512767 | I21: 42322965
A22: 5. Biološka imovina | G22: 15 | H22: 8790886.6 | I22: 6145277.4
A23: 6. Predujmovi za materijalnu imovinu | G23: 16 | H23: 183661.56 | I23: 154966.16
A24: 7. Materijalna imovina u pripremi | G24: 17 | H24: 1.3932546e+08 | I24: 1.8921669e+08
A25: 8. Ostala materijalna imovina | G25: 18 | H25: 8465463.2 | I25: 8077777.4
A26: 9. Ulaganje u nekretnine | G26: 19 | H26: 1.582321e+08 | I26: 1.6258721e+08
A27: III. DUGOTRAJNA FINANCIJSKA IMOVINA (AOP 021 do 030) | G27: 20 | H27: =SUM(H28:H37) -> 1.1608599e+09 | I27: =SUM(I28:I37) -> 1.3139256e+09
A28: 1. Ulaganja u udjele (dionice) poduzetnika unutar grupe | G28: 21 | H28: 0 | I28: 0
A29: 2. Ulaganja u ostale vrijednosne papire poduzetnika unutar grupe | G29: 22 | H29: 0 | I29: 0
A30: 3. Dani zajmovi, depoziti i slično poduzetnicima unutar grupe | G30: 23 | H30: 0 | I30: 0
A31: 4.Ulaganja u udjele (dionice) društava povezanih sudjelujućim interesom | G31: 24 | H31: 12041681 | I31: 12431933
A32: 5. Ulaganja u ostale vrijednosne papire društava povezanih sudjelujućim interesom | G32: 25 | H32: 0 | I32: 0
A33: 6. Dani zajmovi, depoziti i slično društvima povezanim sudjelujućim interesom | G33: 26 | H33: 0 | I33: 0
A34: 7. Ulaganja u vrijednosne papire | G34: 27 | H34: 1.112745e+09 | I34: 1.2695392e+09
A35: 8. Dani zajmovi, depoziti i slično | G35: 28 | H35: 36073161 | I35: 31954558
A36: 9. Ostala ulaganja koja se obračunavaju metodom udjela | G36: 29 | H36: 0 | I36: 0
A37: 10. Ostala dugotrajna financijska imovina | G37: 30 | H37: 0 | I37: 0
A38: IV. POTRAŽIVANJA (AOP 032 do 035) | G38: 31 | H38: =H39+H40+H41+H42 -> 67084.3 | I38: =I39+I40+I41+I42 -> 234426.17
A39: 1. Potraživanja od poduzetnika unutar grupe | G39: 32 | H39: 0 | I39: 0
A40: 2. Potraživanja od društava povezanih sudjelujućim interesom | G40: 33 | H40: 0 | I40: 0
A41: 3. Potraživanja od kupaca | G41: 34 | H41: 0 | I41: 27578.61
A42: 4. Ostala potraživanja | G42: 35 | H42: 67084.3 | I42: 206847.56
A43: V. ODGOĐENA POREZNA IMOVINA | G43: 36 | H43: 28133912 | I43: 26964323
A44: C) KRATKOTRAJNA IMOVINA (AOP 038+046+053+063) | G44: 37 | H44: =H45+H53+H60+H70 -> 7.3880399e+08 | I44: =I45+I53+I60+I70 -> 7.961024e+08
A45: I. ZALIHE (AOP 039 do 045) | G45: 38 | H45: =SUM(H46:H52) -> 94749753 | I45: =SUM(I46:I52) -> 94784387
A46: 1. Sirovine i materijal | G46: 39 | H46: 9814625.7 | I46: 12935128
A47: 2. Proizvodnja u tijeku | G47: 40 | H47: 0 | I47: 0
A48: 3. Gotovi proizvodi | G48: 41 | H48: 74665.86 | I48: 128829.46
A49: 4. Trgovačka roba | G49: 42 | H49: 620803.87 | I49: 707721.84
A50: 5. Predujmovi za zalihe | G50: 43 | H50: 30 | I50: 21360.43
A51: 6. Dugotrajna imovina namijenjena prodaji | G51: 44 | H51: 268007.51 | I51: 282997.05
A52: 7. Biološka imovina | G52: 45 | H52: 83971620 | I52: 80708350
A53: II. POTRAŽIVANJA (AOP 047 do 052) | G53: 46 | H53: =SUM(H54:H59) -> 92150834 | I53: =SUM(I54:I59) -> 1.2050478e+08
A54: 1. Potraživanja od poduzetnika unutar grupe | G54: 47 | H54: 0 | I54: 0
A55: 2. Potraživanja od društava povezanih sudjelujućim interesom | G55: 48 | H55: 0 | I55: 0
A56: 3. Potraživanja od kupaca | G56: 49 | H56: 29031886 | I56: 39869384
A57: 4. Potraživanja od zaposlenika i članova poduzetnika | G57: 50 | H57: 1413098.4 | I57: 1768599.6
A58: 5. Potraživanja od države i drugih institucija | G58: 51 | H58: 8015987.2 | I58: 16733625
A59: 6. Ostala potraživanja | G59: 52 | H59: 53689862 | I59: 62133176
A60: III. KRATKOTRAJNA FINANCIJSKA IMOVINA (AOP 054 do 062) | G60: 53 | H60: =SUM(H61:H69) -> 3.4050437e+08 | I60: =SUM(I61:I69) -> 3.6499468e+08
A61: 1. Ulaganja u udjele (dionice) poduzetnika unutar grupe | G61: 54 | H61: 0 | I61: 0
A62: 2. Ulaganja u ostale vrijednosne papire poduzetnika unutar grupe | G62: 55 | H62: 0 | I62: 0
A63: 3. Dani zajmovi, depoziti i slično poduzetnicima unutar grupe | G63: 56 | H63: 0 | I63: 0
A64: 4. Ulaganja u udjele (dionice) društava povezanih sudjelujućim interesom | G64: 57 | H64: 0 | I64: 0
A65: 5. Ulaganja u ostale vrijednosne papire društava povezanih sudjelujućim interesom | G65: 58 | H65: 0 | I65: 0
A66: 6. Dani zajmovi, depoziti i slično društvima povezanim sudjelujućim interesom | G66: 59 | H66: 0 | I66: 0
A67: 7. Ulaganja u vrijednosne papire | G67: 60 | H67: 1.7015011e+08 | I67: 1.8978495e+08
A68: 8. Dani zajmovi, depoziti i slično | G68: 61 | H68: 1.7035426e+08 | I68: 1.7520972e+08
A69: 9. Ostala financijska imovina | G69: 62 | H69: 0 | I69: 0
A70: IV. NOVAC U BANCI I BLAGAJNI | G70: 63 | H70: 2.1139903e+08 | I70: 2.1581856e+08
A71: D) PLAĆENI TROŠKOVI BUDUĆEG RAZDOBLJA I OBRAČUNATI PRIHODI | G71: 64 | H71: 1.0072997e+08 | I71: 1.0428311e+08
A72: E) UKUPNO AKTIVA (AOP 001+002+037+064) | G72: 65 | H72: =H8+H9+H44+H71 -> 3.3972479e+09 | I72: =I8+I9+I44+I71 -> 3.6382448e+09
A73: F) IZVANBILANČNI ZAPISI | G73: 66 | H73: 0 | I73: 0
A74: PASIVA
A75: A) KAPITAL I REZERVE (AOP 068 do 070+076+077+084+087+090) | G75: 67 | H75: =H76+H77+H78+H84+H85+H92+H95+H98 -> 1.7693924e+09 | I75: =I76+I77+I78+I84+I85+I92+I95+I98 -> 1.9235288e+09
A76: I. TEMELJNI (UPISANI) KAPITAL | G76: 68 | H76: 21766541 | I76: 21766541
A77: II. KAPITALNE REZERVE | G77: 69 | H77: 8917849.9 | I77: 11012925
A78: III. REZERVE IZ DOBITI (AOP 071+072-073+074+075) | G78: 70 | H78: =SUM(H79:H83) -> 1652223.1 | I78: =SUM(I79:I83) -> 1652223.1
A79: 1. Zakonske rezerve | G79: 71 | H79: 1652223.1 | I79: 1652223.1
A80: 2. Rezerve za vlastite dionice | G80: 72 | H80: 30179992 | I80: 26616550
A81: 3. Vlastite dionice i udjeli (odbitna stavka) | G81: 73 | H81: -30179992 | I81: -26616550
A82: 4. Statutarne rezerve | G82: 74 | H82: 0 | I82: 0
A83: 5. Ostale rezerve | G83: 75 | H83: 0 | I83: 0
A84: IV. REVALORIZACIJSKE REZERVE | G84: 76 | H84: 0 | I84: 0
A85: V. REZERVE FER VRIJEDNOSTI I OSTALO (AOP 078 do 083) | G85: 77 | H85: =H86+H87+H88+H89+H90+H91 -> 1.3433733e+08 | I85: =I86+I87+I88+I89+I90+I91 -> 1.6937405e+08
A86: 1. Fer vrijednost financijske imovine kroz ostalu sveobuhvatnu dobit (odnosno raspoložive za prodaju) | G86: 78 | H86: 1.1756251e+08 | I86: 1.4617471e+08
A87: 2. Učinkoviti dio zaštite novčanih tokova | G87: 79 | H87: -374877.32 | I87: -2815742.2
A88: 3. Učinkoviti dio zaštite neto ulaganja u inozemstvu | G88: 80 | H88: 0 | I88: 0
A89: 4. Ostale rezerve fer vrijednosti | G89: 81 | H89: 17149692 | I89: 26015086
A90: 5. Tečajne razlike iz preračuna inozemnog poslovanja (konsolidacija) | G90: 82 | H90: 0 | I90: 0
A91: 6. Tečajne razlike zbog preračuna u prezentacijsku valutu | G91: 83 | H91: 0 | I91: 0
A92: VI. ZADRŽANA DOBIT ILI PRENESENI GUBITAK (AOP 085-086) | G92: 84 | H92: =H93-H94 -> 1.2153496e+09 | I92: =I93-I94 -> 1.2519045e+09
A93: 1. Zadržana dobit | G93: 85 | H93: 1.2153496e+09 | I93: 1.2519045e+09
A94: 2. Preneseni gubitak | G94: 86 | H94: 0 | I94: 0
A95: VII. DOBIT ILI GUBITAK POSLOVNE GODINE (AOP 088-089) | G95: 87 | H95: =H96-H97 -> 80106166 | I95: =I96-I97 -> 1.3417388e+08
A96: 1. Dobit poslovne godine | G96: 88 | H96: 80106166 | I96: 1.3417388e+08
A97: 2. Gubitak poslovne godine | G97: 89 | H97: 0 | I97: 0
A98: VIII. MANJINSKI (NEKONTROLIRAJUĆI) INTERES | G98: 90 | H98: 3.0726271e+08 | I98: 3.3364464e+08
A99: B) REZERVIRANJA (AOP 092 do 097) | G99: 91 | H99: =SUM(H100:H105) -> 9.5271727e+08 | I99: =SUM(I100:I105) -> 9.6962763e+08
A100: 1. Rezerviranja za mirovine, otpremnine i slične obveze | G100: 92 | H100: 3365737.4 | I100: 2907678.2
A101: 2. Rezerviranja za porezne obveze | G101: 93 | H101: 0 | I101: 0
...

Sheet RDG
A1: RAČUN DOBITI I GUBITKA
A2: u razdoblju 01.01.2026 do 30.09.2026
A3: u eurima
A4: Obveznik: ADRIS GRUPA d. d.
A5: Naziv pozicije | G5: AOP oznaka | H5: Isto razdoblje prethodne godine | J5: Tekuće razdoblje
H6: Kumulativ | I6: Tromjesečje | J6: Kumulativ | K6: Tromjesečje
A7: 1 | G7: 2 | H7: 3 | I7: 4 | J7: 5 | K7: 6
A8: I. POSLOVNI PRIHODI (AOP 002 do 006) | G8: 1 | H8: =SUM(H9:H13) -> 9.4222545e+08 | I8: =SUM(I9:I13) -> 4.069499e+08 | J8: =SUM(J9:J13) -> 1.0258199e+09 | K8: =SUM(K9:K13) -> 4.4521206e+08
A9: 1. Prihodi od prodaje s poduzetnicima unutar grupe | G9: 2 | H9: 0 | I9: 0 | J9: 0 | K9: 0
A10: 2. Prihodi od prodaje | G10: 3 | H10: 8.9090724e+08 | I10: 3.9626456e+08 | J10: 9.647214e+08 | K10: 4.272245e+08
A11: 3. Prihodi na temelju upotrebe vlastitih proizvoda, robe i usluga | G11: 4 | H11: 0 | I11: 0 | J11: 0 | K11: 0
A12: 4. Ostali poslovni prihodi s poduzetnicima unutar grupe | G12: 5 | H12: 0 | I12: 0 | J12: 0 | K12: 0
A13: 5. Ostali poslovni prihodi (izvan grupe) | G13: 6 | H13: 51318212 | I13: 10685336 | J13: 61098533 | K13: 17987560
A14: II. POSLOVNI RASHODI (AOP 08+009+013+017+018+019+022+029) | G14: 7 | H14: =H15+H16+H20+H24+H25+H26+H29+H36 -> 7.8068792e+08 | I14: =I15+I16+I20+I24+I25+I26+I29+I36 -> 2.9555832e+08 | J14: =J15+J16+J20+J24+J25+J26+J29+J36 -> 8.337353e+08 | K14: =K15+K16+K20+K24+K25+K26+K29+K36 -> 3.155611e+08
A15: 1. Promjene vrijednosti zaliha proizvodnje u tijeku i gotovih proizvoda | G15: 8 | H15: 6272100.3 | I15: -5611975.5 | J15: 279781.51 | K15: -6862534.3
A16: 2. Materijalni troškovi (AOP 010 do 012) | G16: 9 | H16: =SUM(H17:H19) -> 4.6314574e+08 | I16: =SUM(I17:I19) -> 1.8830238e+08 | J16: =SUM(J17:J19) -> 4.8570001e+08 | K16: =SUM(K17:K19) -> 2.0079708e+08
A17: a) Troškovi sirovina i materijala | G17: 10 | H17: 99393284 | I17: 47521276 | J17: 98506167 | K17: 49801675
A18: b) Troškovi prodane robe | G18: 11 | H18: 2107784.3 | I18: 915080.14 | J18: 1985027.9 | K18: 876140.45
A19: c) Ostali vanjski troškovi | G19: 12 | H19: 3.6164467e+08 | I19: 1.3986603e+08 | J19: 3.8520882e+08 | K19: 1.5011927e+08
A20: 3. Troškovi osoblja (AOP 014 do 016) | G20: 13 | H20: =SUM(H21:H23) -> 1.889613e+08 | I20: =SUM(I21:I23) -> 71816533 | J20: =SUM(J21:J23) -> 2.136237e+08 | K20: =SUM(K21:K23) -> 81211937
A21: a) Neto plaće i nadnice | G21: 14 | H21: 1.2584264e+08 | I21: 49344037 | J21: 1.4053926e+08 | K21: 54487834
A22: b) Troškovi poreza i doprinosa iz plaća | G22: 15 | H22: 41868581 | I22: 14874768 | J22: 48107471 | K22: 17521929
A23: c) Doprinosi na plaće | G23: 16 | H23: 21250079 | I23: 7597728 | J23: 24976963 | K23: 9202173.5
A24: 4. Amortizacija | G24: 17 | H24: 60992865 | I24: 20907928 | J24: 67345187 | K24: 22785169
A25: 5. Ostali troškovi | G25: 18 | H25: 33337874 | I25: 12988042 | J25: 35181178 | K25: 12843706
A26: 6. Vrijednosna usklađenja (AOP 020+021) | G26: 19 | H26: =H27+H28 -> 21.04 | I26: =I27+I28 -> 7.02 | J26: =J27+J28 -> 4686.33 | K26: =K27+K28 -> 4576.1
A27: a) dugotrajne imovine osim financijske imovine | G27: 20 | H27: 21.04 | I27: 7.02 | J27: 4686.33 | K27: 4576.1
A28: b) kratkotrajne imovine osim financijske imovine | G28: 21 | H28: 0 | I28: 0 | J28: 0 | K28: 0
A29: 7. Rezerviranja (AOP 023 do 028) | G29: 22 | H29: =SUM(H30:H35) -> 165056.45 | I29: =SUM(I30:I35) -> -455536.52 | J29: =SUM(J30:J35) -> 253282.57 | K29: =SUM(K30:K35) -> 131514.04
A30: a) Rezerviranja za mirovine, otpremnine i slične obveze | G30: 23 | H30: 165056.45 | I30: -455536.52 | J30: 253282.57 | K30: 131514.04
A31: b) Rezerviranja za porezne obveze | G31: 24 | H31: 0 | I31: 0 | J31: 0 | K31: 0
A32: c) Rezerviranja za započete sudske sporove | G32: 25 | H32: 0 | I32: 0 | J32: 0 | K32: 0
A33: d) Rezerviranja za troškove obnavljanja prirodnih bogatstava | G33: 26 | H33: 0 | I33: 0 | J33: 0 | K33: 0
A34: e) Rezerviranja za troškove u jamstvenim rokovima | G34: 27 | H34: 0 | I34: 0 | J34: 0 | K34: 0
A35: f) Druga rezerviranja | G35: 28 | H35: 0 | I35: 0 | J35: 0 | K35: 0
A36: 8. Ostali poslovni rashodi | G36: 29 | H36: 27812958 | I36: 7610941.8 | J36: 31347475 | K36: 4649651.2
A37: III. FINANCIJSKI PRIHODI (AOP 031 do 040) | G37: 30 | H37: =SUM(H38:H47) -> 3890064.9 | I37: =SUM(I38:I47) -> 980753.14 | J37: =SUM(J38:J47) -> 3707037.8 | K37: =SUM(K38:K47) -> 1657317.5
A38: 1. Prihodi od ulaganja u udjele (dionice) poduzetnika unutar grupe | G38: 31 | H38: 0 | I38: 0 | J38: 0 | K38: 0
A39: 2. Prihodi od ulaganja u udjele (dionice) društava povezanih sudjelujućim interesima | G39: 32 | H39: 0 | I39: 0 | J39: 0 | K39: 0
A40: 3. Prihodi od ostalih dugotrajnih financijskih ulaganja i zajmova poduzetnicima unutar grupe | G40: 33 | H40: 0 | I40: 0 | J40: 0 | K40: 0
A41: 4. Ostali prihodi s osnove kamata iz odnosa s poduzetnicima unutar grupe | G41: 34 | H41: 0 | I41: 0 | J41: 0 | K41: 0
A42: 5. Tečajne razlike i ostali financijski prihodi iz odnosa s poduzetnicima unutar grupe | G42: 35 | H42: 0 | I42: 0 | J42: 0 | K42: 0
A43: 6. Prihodi od ostalih dugotrajnih financijskih ulaganja i zajmova | G43: 36 | H43: 0 | I43: 0 | J43: 0 | K43: 0
A44: 7. Ostali prihodi s osnove kamata | G44: 37 | H44: 3890064.9 | I44: 980753.14 | J44: 3707037.8 | K44: 1657317.5
A45: 8. Tečajne razlike i ostali financijski prihodi | G45: 38 | H45: 0 | I45: 0 | J45: 0 | K45: 0
A46: 9. Nerealizirani dobici (prihodi) od financijske imovine | G46: 39 | H46: 0 | I46: 0 | J46: 0 | K46: 0
A47: 10. Ostali financijski prihodi | G47: 40 | H47: 0 | I47: 0 | J47: 0 | K47: 0
A48: IV. FINANCIJSKI RASHODI (AOP 042 do 048) | G48: 41 | H48: =SUM(H49:H55) -> 14522801 | I48: =SUM(I49:I55) -> 5440414.4 | J48: =SUM(J49:J55) -> 17612528 | K48: =SUM(K49:K55) -> 5256577.9
A49: 1. Rashodi s osnove kamata i slični rashodi s poduzetnicima unutar grupe | G49: 42 | H49: 0 | I49: 0 | J49: 0 | K49: 0
A50: 2. Tečajne razlike i drugi rashodi s poduzetnicima unutar grupe | G50: 43 | H50: 0 | I50: 0 | J50: 0 | K50: 0
A51: 3. Rashodi s osnove kamata i slični rashodi | G51: 44 | H51: 6921483.9 | I51: 3043252.1 | J51: 7984593.1 | K51: 2461894
A52: 4. Tečajne razlike i drugi rashodi | G52: 45 | H52: 0 | I52: 0 | J52: 0 | K52: 0
A53: 5. Nerealizirani gubici (rashodi) od financijske imovine | G53: 46 | H53: 0 | I53: 0 | J53: 0 | K53: 0
A54: 6. Vrijednosna usklađenja financijske imovine (neto) | G54: 47 | H54: 0 | I54: 0 | J54: 0 | K54: 0
A55: 7. Ostali financijski rashodi | G55: 48 | H55: 7601316.8 | I55: 2397162.3 | J55: 9627934.7 | K55: 2794684
A56: V. UDIO U DOBITI OD DRUŠTAVA POVEZANIH SUDJELUJUĆIM INTERESOM | G56: 49 | H56: 0 | I56: 0 | J56: 0 | K56: 0
A57: VI. UDIO U DOBITI OD ZAJEDNIČKIH POTHVATA | G57: 50 | H57: 1083146.9 | I57: 350418 | J57: 1390251.9 | K57: 467788.5
A58: VII. UDIO U GUBITKU OD DRUŠTAVA POVEZANIH SUDJELUJUĆIM INTERESOM | G58: 51 | H58: 0 | I58: 0 | J58: 0 | K58: 0
A59: VIII. UDIO U GUBITKU OD ZAJEDNIČKIH POTHVATA | G59: 52 | H59: 0 | I59: 0 | J59: 0 | K59: 0
A60: IX. UKUPNI PRIHODI (AOP 001+030+049 +050) | G60: 53 | H60: =H8+H37+H56+H57 -> 9.4719867e+08 | I60: =I8+I37+I56+I57 -> 4.0828107e+08 | J60: =J8+J37+J56+J57 -> 1.0309172e+09 | K60: =K8+K37+K56+K57 -> 4.4733717e+08
A61: X. UKUPNI RASHODI (AOP 007+041+051 + 052) | G61: 54 | H61: =H14+H48+H58+H59 -> 7.9521072e+08 | I61: =I14+I48+I58+I59 -> 3.0099874e+08 | J61: =J14+J48+J58+J59 -> 8.5134783e+08 | K61: =K14+K48+K58+K59 -> 3.2081768e+08
A62: XI. DOBIT ILI GUBITAK PRIJE OPOREZIVANJA (AOP 053-054) | G62: 55 | H62: =H60-H61 -> 1.5198795e+08 | I62: =I60-I61 -> 1.0728233e+08 | J62: =J60-J61 -> 1.795694e+08 | K62: =K60-K61 -> 1.2651949e+08
A63: 1. Dobit prije oporezivanja (AOP 053-054) | G63: 56 | H63: =+IF((H60-H61)>0,(H60-H61),0) -> 1.5198795e+08 | I63: =+IF((I60-I61)>0,(I60-I61),0) -> 1.0728233e+08 | J63: =+IF((J60-J61)>0,(J60-J61),0) -> 1.795694e+08 | K63: =+IF((K60-K61)>0,(K60-K61),0) -> 1.2651949e+08
A64: 2. Gubitak prije oporezivanja (AOP 054-053) | G64: 57 | H64: =+IF((H60-H61)<0,(H60-H61),0) -> 0 | I64: =+IF((I60-I61)<0,(I60-I61),0) -> 0 | J64: =+IF((J60-J61)<0,(J60-J61),0) -> 0 | K64: =+IF((K60-K61)<0,(K60-K61),0) -> 0
A65: XII. POREZ NA DOBIT | G65: 58 | H65: 7903036.4 | I65: 3410103.8 | J65: 14974320 | K65: 5628691.5
A66: XIII. DOBIT ILI GUBITAK RAZDOBLJA (AOP 055-059) | G66: 59 | H66: =H62-H65 -> 1.4408491e+08 | I66: =I62-I65 -> 1.0387223e+08 | J66: =J62-J65 -> 1.6459508e+08 | K66: =K62-K65 -> 1.208908e+08
A67: 1. Dobit razdoblja (AOP 055-059) | G67: 60 | H67: =+IF((H62-H65)>0,(H62-H65),0) -> 1.4408491e+08 | I67: =+IF((I62-I65)>0,(I62-I65),0) -> 1.0387223e+08 | J67: =+IF((J62-J65)>0,(J62-J65),0) -> 1.6459508e+08 | K67: =+IF((K62-K65)>0,(K62-K65),0) -> 1.208908e+08
A68: 2. Gubitak razdoblja (AOP 059-055) | G68: 61 | H68: =+IF((H62-H65)<0,(H62-H65),0) -> 0 | I68: =+IF((I62-I65)<0,(I62-I65),0) -> 0 | J68: =+IF((J62-J65)<0,(J62-J65),0) -> 0 | K68: =+IF((K62-K65)<0,(K62-K65),0) -> 0
A69: PREKINUTO POSLOVANJE (popunjava poduzetnik obveznika MSFI-a samo ako ima prekinuto poslovanje)
A70: XIV. DOBIT ILI GUBITAK PREKINUTOG POSLOVANJA PRIJE OPOREZIVANJA (AOP 063-064) | G70: 62 | H70: =H71-H72 -> 0 | I70: =I71-I72 -> 0 | J70: =J71-J72 -> 0 | K70: =K71-K72 -> 0
A71: 1. Dobit prekinutog poslovanja prije oporezivanja | G71: 63 | H71: 0 | I71: 0 | J71: 0 | K71: 0
A72: 2. Gubitak prekinutog poslovanja prije oporezivanja | G72: 64 | H72: 0 | I72: 0 | J72: 0 | K72: 0
A73: XV. POREZ NA DOBIT PREKINUTOG POSLOVANJA | G73: 65 | H73: 0 | I73: 0 | J73: 0 | K73: 0
A74: 1. Dobit prekinutog poslovanja za razdoblje (AOP 062-065) | G74: 66 | H74: 0 | I74: 0 | J74: 0 | K74: 0
A75: 2. Gubitak prekinutog poslovanja za razdoblje (AOP 065-062) | G75: 67 | H75: 0 | I75: 0 | J75: 0 | K75: 0
A76: UKUPNO POSLOVANJE (popunjava samo poduzetnik obveznik MSFI-a koji ima prekinuto poslovanje)
A77: XVI. DOBIT ILI GUBITAK PRIJE OPOREZIVANJA (AOP 055+062) | G77: 68 | H77: 0 | I77: 0 | J77: 0 | K77: 0
A78: 1. Dobit prije oporezivanja (AOP 068) | G78: 69 | H78: 0 | I78: 0 | J78: 0 | K78: 0
A79: 2. Gubitak prije oporezivanja (AOP 068) | G79: 70 | H79: 0 | I79: 0 | J79: 0 | K79: 0
A80: XVII. POREZ NA DOBIT (AOP 058+065) | G80: 71 | H80: 0 | I80: 0 | J80: 0 | K80: 0
A81: XVIII. DOBIT ILI GUBITAK RAZDOBLJA (AOP 068-071) | G81: 72 | H81: 0 | I81: 0 | J81: 0 | K81: 0
A82: 1. Dobit razdoblja (AOP 068-071) | G82: 73 | H82: 0 | I82: 0 | J82: 0 | K82: 0
A83: 2. Gubitak razdoblja (AOP 071-068) | G83: 74 | H83: 0 | I83: 0 | J83: 0 | K83: 0
A84: DODATAK RDG-u (popunjava poduzetnik koji sastavlja konsolidirani godišnji financijski izvještaj)
A85: XIX. DOBIT ILI GUBITAK RAZDOBLJA (AOP 076+077) | G85: 75 | H85: =H86+H87 -> 1.4408491e+08 | I85: =I86+I87 -> 1.0387223e+08 | J85: =J86+J87 -> 1.6459508e+08 | K85: =K86+K87 -> 1.208908e+08
A86: 1. Pripisana imateljima kapitala matice | G86: 76 | H86: 1.1801303e+08 | I86: 92918144 | J86: 1.3417388e+08 | K86: 1.0675816e+08
A87: 2. Pripisana manjinskom (nekontrolirajućem) interesu | G87: 77 | H87: 26071884 | I87: 10954084 | J87: 30421203 | K87: 14132637
A88: IZVJEŠTAJ O OSTALOJ SVEOBUHVATNOJ DOBITI (popunjava poduzetnik obveznik primjene MSFI-a)
A89: I. DOBIT ILI GUBITAK RAZDOBLJA | G89: 78 | H89: 1.4408491e+08 | I89: 1.0387223e+08 | J89: 1.6459508e+08 | K89: 1.208908e+08
A90: II. OSTALA SVEOBUHVATNA DOBIT/GUBITAK PRIJE POREZA (AOP 80 + 87) | G90: 79 | H90: =H91+H98 -> 1.0133559e+08 | I90: =I91+I98 -> 34115494 | J90: =J91+J98 -> 63137268 | K90: =K91+K98 -> 4218999.1
A91: III. Stavke koje neće biti reklasificirane u dobit ili gubitak (AOP 081 do 085) | G91: 80 | H91: =SUM(H92:H96) -> 1.0230758e+08 | I91: =SUM(I92:I96) -> 32188409 | J91: =SUM(J92:J96) -> 73184749 | K91: =SUM(K92:K96) -> 9755050.1
A92: 1. Promjene revalorizacijskih rezervi dugotrajne materijalne i nematerijalne imovine | G92: 81 | H92: 0 | I92: 0 | J92: 0 | K92: 0
A93: 2. Dobitak ili gubitak s osnove naknadnog vrednovanja vlasničkih vrijednosnih papira po fer vrijednosti kroz ostalu sveobuhvatnu dobit | G93: 82 | H93: 1.0230758e+08 | I93: 32188409 | J93: 73184749 | K93: 9755050.1
A94: 3. Promjene fer vrijednosti financijske obveze po fer vrijednosti kroz račun dobiti i gubitka koja se može pripisati promjenama kreditnog rizika obveze | G94: 83 | H94: 0 | I94: 0 | J94: 0 | K94: 0
A95: 4. Aktuarski dobici/gubici po planovima definiranih primanja | G95: 84 | H95: 0 | I95: 0 | J95: 0 | K95: 0
A96: 5. Ostale stavke koje neće biti reklasificirane | G96: 85 | H96: 0 | I96: 0 | J96: 0 | K96: 0
A97: 6. Porez na dobit koji se odnosi na stavke koje neće biti reklasificirane | G97: 86 | H97: 18415364 | I97: 5793913.6 | J97: 13173255 | K97: 1755908.6
A98: IV. Stavke koje je moguće reklasificirati u dobit ili gubitak (AOP 088 do 096) | G98: 87 | H98: =SUM(H99:H107) -> -971982.14 | I98: =SUM(I99:I107) -> 1927084.8 | J98: =SUM(J99:J107) -> -10047481 | K98: =SUM(K99:K107) -> -5536051
A99: 1. Tečajne razlike iz preračuna inozemnog poslovanja | G99: 88 | H99: -91353.97 | I99: -20887.19 | J99: -127359 | K99: -26796
A100: 2. Tečajne razlike zbog preračuna u prezentacijsku valutu | G100: 89 | H100: 0 | I100: 0 | J100: 0 | K100: 0
...

Sheet NT_I
A1: IZVJEŠTAJ O NOVČANOM TIJEKU - Indirektna metoda
A2: u razdoblju 01.01.2026. do 30.09.2026.
A3: u eurima
A4: Obveznik: ADRIS GRUPA d. d.
A5: Naziv pozicije | G5: AOP oznaka | H5: Isto razdoblje prethodne godine | I5: Tekuće razdoblje
A6: 1 | G6: 2 | H6: 3 | I6: 4
A7: Novčani tokovi od poslovnih aktivnosti
A8: 1. Dobit prije oporezivanja | G8: 1 | H8: 1.5198795e+08 | I8: 1.795694e+08
A9: 2. Usklađenja (AOP 003 do 010): | G9: 2 | H9: =H10+H11+H12+H13+H14+H15+H16+H17 -> 22038149 | I9: =I10+I11+I12+I13+I14+I15+I16+I17 -> 12778642
A10: a) Amortizacija | G10: 3 | H10: 60992865 | I10: 67345187
A11: b) Dobici i gubici od prodaje i vrijednosna usklađenja dugotrajne materijalne i nematerijalne imovine | G11: 4 | H11: -1141662.4 | I11: -4717468.8
A12: c) Dobici i gubici od prodaje i nerealizirani dobici i gubici i vrijednosno usklađenje financijske imovine | G12: 5 | H12: -5828450.2 | I12: -8591229.8
A13: d) Prihodi od kamata i dividendi | G13: 6 | H13: -37372024 | I13: -40765517
A14: e) Rashodi od kamata | G14: 7 | H14: 6921483.9 | I14: 7984593.1
A15: f) Rezerviranja | G15: 8 | H15: -1996479.3 | I15: -8648478.8
A16: g) Tečajne razlike (nerealizirane) | G16: 9 | H16: 0 | I16: 0
A17: h) Ostala usklađenja za nenovčane transakcije i nerealizirane dobitke i gubitke | G17: 10 | H17: 462415.38 | I17: 171556.27
A18: I. Povećanje ili smanjenje novčanih tokova prije promjena u radnom kapitalu (AOP 001+002) | G18: 11 | H18: =H8+H9 -> 1.740261e+08 | I18: =I8+I9 -> 1.9234804e+08
A19: 3. Promjene u radnom kapitalu (AOP 013 do 016) | G19: 12 | H19: =H20+H21+H22+H23 -> 30506140 | I19: =I20+I21+I22+I23 -> 66453022
A20: a) Povećanje ili smanjenje kratkoročnih obveza | G20: 13 | H20: 2149099.2 | I20: 26558837
A21: b) Povećanje ili smanjenje kratkotrajnih potraživanja | G21: 14 | H21: -3826927.8 | I21: -20802578
A22: c) Povećanje ili smanjenje zaliha | G22: 15 | H22: 9941999.9 | I22: -34634.2
A23: d) Ostala povećanja ili smanjenja radnog kapitala | G23: 16 | H23: 22241968 | I23: 60731397
A24: II. Novac iz poslovanja (AOP 011+012) | G24: 17 | H24: =H18+H19 -> 2.0453224e+08 | I24: =I18+I19 -> 2.5880106e+08
A25: 4. Novčani izdaci za kamate | G25: 18 | H25: -6709525.9 | I25: -11086348
A26: 5. Plaćeni porez na dobit | G26: 19 | H26: -10722340 | I26: -20179797
A27: A) NETO NOVČANI TOKOVI OD POSLOVNIH AKTIVNOSTI (AOP 017 do 019) | G27: 20 | H27: =H24+H25+H26 -> 1.8710037e+08 | I27: =I24+I25+I26 -> 2.2753492e+08
A28: Novčani tokovi od investicijskih aktivnosti
A29: 1. Novčani primici od prodaje dugotrajne materijalne i nematerijalne imovine | G29: 21 | H29: 5081291.1 | I29: 11362900
A30: 2. Novčani primici od prodaje financijskih instrumenata | G30: 22 | H30: 534581827 | I30: 5.3464495e+08
A31: 3. Novčani primici od kamata | G31: 23 | H31: 25221691 | I31: 24183775
A32: 4. Novčani primici od dividendi | G32: 24 | H32: 12489548 | I32: 14841820
A33: 5. Novačani primici s osnove povrata danih zajmova i štednih uloga | G33: 25 | H33: 1165839937 | I33: 4.4065578e+08
A34: 6. Ostali novčani primici od investicijskih aktivnosti | G34: 26 | H34: 11193.48 | I34: 0
A35: III. Ukupno novčani primici od investicijskih aktivnosti (AOP 021 do 026) | G35: 27 | H35: =H29+H30+H31+H32+H33+H34 -> 1.7432255e+09 | I35: =I29+I30+I31+I32+I33+I34 -> 1.0256892e+09
A36: 1. Novčani izdaci za kupnju dugotrajne materijalne i nematerijalne imovine | G36: 28 | H36: -1.0662492e+08 | I36: -1.0145864e+08
A37: 2. Novčani izdaci za stjecanje financijskih instrumenata | G37: 29 | H37: -586589554 | I37: -647372983
A38: 3. Novačani izdaci s osnove danih zajmova i štednih uloga za razdoblje | G38: 30 | H38: -1150079876 | I38: -450896378
A39: 4. Stjecanje ovisnog društva, umanjeno za stečeni novac | G39: 31 | H39: 0 | I39: 0
A40: 5. Ostali novčani izdaci od investicijskih aktivnosti | G40: 32 | H40: 0 | I40: 0
A41: IV. Ukupno novčani izdaci od investicijskih aktivnosti (AOP 028 do 032) | G41: 33 | H41: =H36+H37+H38+H39+H40 -> -1.8432944e+09 | I41: =I36+I37+I38+I39+I40 -> -1.199728e+09
A42: B) NETO NOVČANI TOKOVI OD INVESTICIJSKIH AKTIVNOSTI (AOP 027+033) | G42: 34 | H42: =H35+H41 -> -1.0006886e+08 | I42: =I35+I41 -> -1.7403877e+08
A43: Novčani tokovi od financijskih aktivnosti
A44: 1. Novčani primici od povećanja temeljnog (upisanog) kapitala | G44: 35 | H44: 0 | I44: 0
A45: 2. Novčani primici od izdavanja vlasničkih i dužničkih financijskih instrumenata | G45: 36 | H45: 0 | I45: 0
A46: 3. Novčani primici od glavnice kredita, pozajmica i drugih posudbi | G46: 37 | H46: 924205.03 | I46: 50000000
A47: 4. Ostali novčani primici od financijskih aktivnosti | G47: 38 | H47: 699351 | I47: 0
A48: V. Ukupno novčani primici od financijskih aktivnosti (AOP 035 do 038) | G48: 39 | H48: =H44+H45+H46+H47 -> 1623556 | I48: =I44+I45+I46+I47 -> 50000000
A49: 1. Novčani izdaci za otplatu glavnice kredita, pozajmica i drugih posudbi i dužničkih financijskih instrumenata | G49: 40 | H49: -17180485 | I49: -26282293
A50: 2. Novčani izdaci za isplatu dividendi | G50: 41 | H50: -62489014 | I50: -65656993
A51: 3. Novčani izdaci za financijski najam | G51: 42 | H51: 0 | I51: 0
A52: 4. Novčani izdaci za otkup vlastitih dionica i smanjenje temeljnog (upisanog) kapitala | G52: 43 | H52: 0 | I52: 0
A53: 5. Ostali novčani izdaci od financijskih aktivnosti | G53: 44 | H53: -5939575 | I53: -7137333.2
A54: VI. Ukupno novčani izdaci od financijskih aktivnosti (AOP 040 do 044) | G54: 45 | H54: =H49+H50+H51+H52+H53 -> -85609074 | I54: =I49+I50+I51+I52+I53 -> -99076619
A55: C) NETO NOVČANI TOKOVI OD FINANCIJSKIH AKTIVNOSTI (AOP 039+045) | G55: 46 | H55: =H48+H54 -> -83985518 | I55: =I48+I54 -> -49076619
A56: 1. Nerealizirane tečajne razlike po novcu i novčanim ekvivalentima | G56: 47 | H56: 0 | I56: 0
A57: D) NETO POVEĆANJE ILI SMANJENJE NOVČANNIH TOKOVA (AOP 020+034+046+047) | G57: 48 | H57: =H27+H42+H55+H56 -> 3045986.6 | I57: =I27+I42+I55+I56 -> 4419525.7
A58: E) NOVAC I NOVČANI EKVIVALENTI NA POČETKU RAZDOBLJA | G58: 49 | H58: 131647314 | I58: 2.1139903e+08
A59: F) NOVAC I NOVČANI EKVIVALENTI NA KRAJU RAZDOBLJA (AOP 048+049) | G59: 50 | H59: =H57+H58 -> 1.346933e+08 | I59: =I57+I58 -> 2.1581856e+08

Sheet NT_D
A1: IZVJEŠTAJ O NOVČANOM TIJEKU - Direktna metoda
A2: u razdoblju 01.01.2026 do 30.09.2026
A3: u eurima
A4: Obveznik: ADRIS GRUPA d. d.
A5: Naziv pozicije | G5: AOP oznaka | H5: Isto razdoblje prethodne godine | I5: Tekuće razdoblje
A6: 1 | G6: 2 | H6: 3 | I6: 4
A7: Novčani tokovi od poslovnih aktivnosti
A8: 1. Novčani primici od kupaca | G8: 1 | H8: 0 | I8: 0
A9: 2. Novčani primici od tantijema, naknada, provizija i sl. | G9: 2 | H9: 0 | I9: 0
A10: 3. Novčani primici od osiguranja za naknadu šteta | G10: 3 | H10: 0 | I10: 0
A11: 4. Novčani primici s osnove povrata poreza | G11: 4 | H11: 0 | I11: 0
A12: 5. Ostali novčani primici od poslovnih aktivnosti | G12: 5 | H12: 0 | I12: 0
A13: I. Ukupno novčani primici od poslovnih aktivnosti (AOP 001 do 005) | G13: 6 | H13: =SUM(H8:H12) -> 0 | I13: =SUM(I8:I12) -> 0
A14: 1. Novčani izdaci dobavljačima | G14: 7 | H14: 0 | I14: 0
A15: 2. Novčani izdaci za zaposlene | G15: 8 | H15: 0 | I15: 0
A16: 3. Novčani izdaci za osiguranje za naknade šteta | G16: 9 | H16: 0 | I16: 0
A17: 4. Novčani izdaci za kamate | G17: 10 | H17: 0 | I17: 0
A18: 5. Plaćeni porez na dobit | G18: 11 | H18: 0 | I18: 0
A19: 6. Ostali novčani izdaci od poslovnih aktivnosti | G19: 12 | H19: 0 | I19: 0
A20: II. Ukupno novčani izdaci od poslovnih aktivnosti (AOP 007 do 012) | G20: 13 | H20: =SUM(H14:H19) -> 0 | I20: =SUM(I14:I19) -> 0
A21: A) NETO NOVČANI TOKOVI OD POSLOVNIH AKTIVNOSTI (AOP 006 + 013) | G21: 14 | H21: =H13+H20 -> 0 | I21: =I13+I20 -> 0
A22: Novčani tokovi od investicijskih aktivnosti
A23: 1. Novčani primici od prodaje dugotrajne materijalne i nematerijalne imovine | G23: 15 | H23: 0 | I23: 0
A24: 2. Novčani primici od prodaje financijskih instrumenata | G24: 16 | H24: 0 | I24: 0
A25: 3. Novčani primici od kamata | G25: 17 | H25: 0 | I25: 0
A26: 4. Novčani primici od dividendi | G26: 18 | H26: 0 | I26: 0
A27: 5. Novčani primici s osnove povrata danih zajmova i štednih uloga | G27: 19 | H27: 0 | I27: 0
A28: 6. Ostali novčani primici od investicijskih aktivnosti | G28: 20 | H28: 0 | I28: 0
A29: III. Ukupno novčani primici od investicijskih aktivnosti (AOP 015 do 020) | G29: 21 | H29: =SUM(H23:H28) -> 0 | I29: =SUM(I23:I28) -> 0
A30: 1. Novčani izdaci za kupnju dugotrajne materijalne i nematerijalne imovine | G30: 22 | H30: 0 | I30: 0
A31: 2. Novčani izdaci za stjecanje financijskih instrumenata | G31: 23 | H31: 0 | I31: 0
A32: 3. Novčani izdaci s osnove danih zajmova i štednih uloga | G32: 24 | H32: 0 | I32: 0
A33: 4. Stjecanje ovisnog društva, umanjeno za stečeni novac | G33: 25 | H33: 0 | I33: 0
A34: 5. Ostali novčani izdaci od investicijskih aktivnosti | G34: 26 | H34: 0 | I34: 0
A35: IV. Ukupno novčani izdaci od investicijskih aktivnosti (AOP 022 do 026) | G35: 27 | H35: =SUM(H30:H34) -> 0 | I35: =SUM(I30:I34) -> 0
A36: B) NETO NOVČANI TOKOVI OD INVESTICIJSKIH AKTIVNOSTI (AOP 021 + 027) | G36: 28 | H36: =H29+H35 -> 0 | I36: =I29+I35 -> 0
A37: Novčani tokovi od financijskih aktivnosti | G37: 0
A38: 1. Novčani primici od povećanja temeljnog (upisanog) kapitala | G38: 29 | H38: 0 | I38: 0
A39: 2. Novčani primici od izdavanja vlasničkih i dužničkih financijskih instrumenata | G39: 30 | H39: 0 | I39: 0
A40: 3. Novčani primici od glavnice kredita, pozajmica i drugih posudbi | G40: 31 | H40: 0 | I40: 0
A41: 4. Ostali novčani primici od financijskih aktivnosti | G41: 32 | H41: 0 | I41: 0
A42: V. Ukupno novčani primici od financijskih aktivnosti (AOP 029 do 032) | G42: 33 | H42: =H41+H40+H39+H38 -> 0 | I42: =I41+I40+I39+I38 -> 0
A43: 1. Novčani izdaci za otplatu glavnice kredita, pozajmica i drugih posudbi i dužničkih financijskih instrumenata | G43: 34 | H43: 0 | I43: 0
A44: 2. Novčani izdaci za isplatu dividendi | G44: 35 | H44: 0 | I44: 0
A45: 3. Novčani izdaci za financijski najam | G45: 36 | H45: 0 | I45: 0
A46: 4. Novčani izdaci za otkup vlastitih dionica i smanjenje temeljnog (upisanog) kapitala | G46: 37 | H46: 0 | I46: 0
A47: 5. Ostali novčani izdaci od financijskih aktivnosti | G47: 38 | H47: 0 | I47: 0
A48: VI. Ukupno novčani izdaci od financijskih aktivnosti (AOP 034 do 038) | G48: 39 | H48: =H47+H46+H45+H44+H43 -> 0 | I48: =I47+I46+I45+I44+I43 -> 0
A49: C) NETO NOVČANI TOKOVI OD FINANCIJSKIH AKTIVNOSTI (AOP 033+039) | G49: 40 | H49: =H48+H42 -> 0 | I49: =I48+I42 -> 0
A50: 1. Nerealizirane tečajne razlike po novcu i novčanim ekvivalentima | G50: 41 | H50: 0 | I50: 0
A51: D) NETO POVEĆANJE ILI SMANJENJE NOVČANIH TOKOVA (AOP 014 + 028 + 040 + 041) | G51: 42 | H51: =H21+H36+H49+H50 -> 0 | I51: =I21+I36+I49+I50 -> 0
A52: E) NOVAC I NOVČANI EKVIVALENTI NA POČETKU RAZDOBLJA | G52: 43 | H52: 0 | I52: 0
A53: F) NOVAC I NOVČANI EKVIVALENTI NA KRAJU RAZDOBLJA (AOP 042+043) | G53: 44 | H53: =H52+H51 -> 0 | I53: =I52+I51 -> 0

Sheet PK
A1: IZVJEŠTAJ O PROMJENAMA KAPITALA
C2: za razdoblje od | E2: 46023 | F2: do | G2: 46295 | Y2: u eurima
A3: Opis pozicije | G3: AOP oznaka | H3: Raspodjeljivo imateljima kapitala matice | Y3: Manjinski (nekontrolirajući) interes | Z3: Ukupno kapital i rezerve
H4: Temeljni (upisani) kapital | I4: Kapitalne rezerve | J4: Zakonske rezerve | K4: Rezerve za vlastite dionice | L4: Vlastite dionice i udjeli (odbitna stavka) | M4: Statutarne rezerve | N4: Ostale rezerve | O4: Revalorizacijske rezerve | P4: Fer vrijednost financijske imovine kroz ostalu sveobuhvatnu dobit (raspoloživa za prodaju) | Q4: Učinkoviti dio zaštite novčanih tokova | R4: Učinkoviti dio zaštite neto ulaganja u inozemstvo | S4: Ostale rezerve fer vrijednosti | T4: Tečajne razlike iz preračuna inozemnog poslovanja | U4: Tečajne razlike zbog preračuna u prezentacijsku valutu | V4: Zadržana dobit / preneseni gubitak | W4: Dobit / gubitak poslovne godine | X4: Ukupno raspodjeljivo imateljima kapitala matice
A5: 1 | G5: 2 | H5: 3 | I5: 4 | J5: 5 | K5: 6 | L5: 7 | M5: 8 | N5: 9 | O5: 10 | P5: 11 | Q5: 12 | R5: 13 | S5: 14 | T5: 15 | U5: 16 | V5: 17 | W5: 18 | X5: 19 (3 do 6 - 7 + 8 do 18) | Y5: 20 | Z5: 21 (19+20)
A6: Prethodno razdoblje
A7: 1. Stanje na dan početka prethodne poslovne godine | G7: 1 | H7: 21766541 | I7: 8265694.4 | J7: 1652223.1 | K7: 33136594 | L7: 33136594 | M7: 0 | N7: 0 | O7: 0 | P7: 83812950 | Q7: 0 | R7: 0 | S7: 18523870 | T7: 0 | U7: 0 | V7: 1.1597269e+09 | W7: 66584967 | X7: =H7+I7+J7+K7-L7+M7+N7+O7+P7+Q7+R7+V7+W7+S7+T7+U7 -> 1.3603331e+09 | Y7: 2.6890255e+08 | Z7: =X7+Y7 -> 1.6292357e+09
A8: 2. Promjene računovodstvenih politika | G8: 2 | H8: 0 | I8: 0 | J8: 0 | K8: 0 | L8: 0 | M8: 0 | N8: 0 | O8: 0 | P8: 0 | Q8: 0 | R8: 0 | S8: 0 | T8: 0 | U8: 0 | V8: 0 | W8: 0 | X8: =H8+I8+J8+K8-L8+M8+N8+O8+P8+Q8+R8+V8+W8+S8+T8+U8 -> 0 | Y8: 0 | Z8: =X8+Y8 -> 0
A9: 3. Ispravak pogreški | G9: 3 | H9: 0 | I9: 0 | J9: 0 | K9: 0 | L9: 0 | M9: 0 | N9: 0 | O9: 0 | P9: 0 | Q9: 0 | R9: 0 | S9: 0 | T9: 0 | U9: 0 | V9: 0 | W9: 0 | X9: =H9+I9+J9+K9-L9+M9+N9+O9+P9+Q9+R9+V9+W9+S9+T9+U9 -> 0 | Y9: 0 | Z9: =X9+Y9 -> 0
A10: 4. Stanje na dan početka prethodne poslovne godine (prepravljeno) (AOP 01 do 03) | G10: 4 | H10: =H7+H8+H9 -> 21766541 | I10: =I7+I8+I9 -> 8265694.4 | J10: =J7+J8+J9 -> 1652223.1 | K10: =K7+K8+K9 -> 33136594 | L10: =L7+L8+L9 -> 33136594 | M10: =M7+M8+M9 -> 0 | N10: =N7+N8+N9 -> 0 | O10: =O7+O8+O9 -> 0 | ... Z10: =Z7+Z8+Z9 -> 1.6292357e+09
A11: 5. Dobit/gubitak razdoblja | G11: 5 | H11: 0 | I11: 0 | J11: 0 | K11: 0 | L11: 0 | M11: 0 | N11: 0 | O11: 0 | P11: 0 | Q11: 0 | R11: 0 | S11: 0 | T11: 0 | U11: 0 | V11: 0 | W11: 1.1801303e+08 | X11: =H11+I11+J11+K11-L11+M11+N11+O11+P11+Q11+R11+V11+W11+S11+T11+U11 -> 1.1801303e+08 | Y11: 26071884 | Z11: =X11+Y11 -> 1.4408491e+08
A12: 6. Tečajne razlike iz preračuna inozemnog poslovanja | G12: 6 | H12: 0 | I12: 0 | J12: 0 | K12: 0 | L12: 0 | M12: 0 | N12: 0 | O12: 0 | P12: 0 | Q12: 0 | R12: 0 | S12: 0 | T12: 0 | U12: 0 | V12: 0 | W12: 0 | X12: =H12+I12+J12+K12-L12+M12+N12+O12+P12+Q12+R12+V12+W12+S12+T12+U12 -> 0 | Y12: 0 | Z12: =X12+Y12 -> 0
A13: 7. Promjene revalorizacijskih rezervi dugotrajne materijalne i nematerijalne imovine | G13: 7 | H13: 0 | I13: 0 | J13: 0 | K13: 0 | L13: 0 | M13: 0 | N13: 0 | O13: 0 | P13: 0 | Q13: 0 | R13: 0 | S13: 0 | T13: 0 | U13: 0 | V13: 0 | W13: 0 | X13: =H13+I13+J13+K13-L13+M13+N13+O13+P13+Q13+R13+V13+W13+S13+T13+U13 -> 0 | Y13: 0 | Z13: =X13+Y13 -> 0
A14: 8. Dobitak ili gubitak s osnove naknadnog vrednovanja financijske imovine prema fer vrijednosti kroz ostalu sveobuhvatnu dobit (raspoloživa za prodaju) | G14: 8 | H14: 0 | I14: 0 | J14: 0 | K14: 0 | L14: 0 | M14: 0 | N14: 0 | O14: 0 | P14: 57529290 | Q14: 0 | R14: 0 | S14: 0 | T14: 0 | U14: 0 | V14: 0 | W14: 0 | X14: =H14+I14+J14+K14-L14+M14+N14+O14+P14+Q14+R14+V14+W14+S14+T14+U14 -> 57529290 | Y14: 25444240 | Z14: =X14+Y14 -> 82973530
A15: 9. Dobitak ili gubitak s osnove učinkovite zaštite novčanog toka | G15: 9 | H15: 0 | I15: 0 | J15: 0 | K15: 0 | L15: 0 | M15: 0 | N15: 0 | O15: 0 | P15: 0 | Q15: 0 | R15: 0 | S15: 0 | T15: 0 | U15: 0 | V15: 0 | W15: 0 | X15: =H15+I15+J15+K15-L15+M15+N15+O15+P15+Q15+R15+V15+W15+S15+T15+U15 -> 0 | Y15: 0 | Z15: =X15+Y15 -> 0
A16: 10. Dobitak ili gubitak s osnove učinkovite zaštite neto ulaganja u inozemstvu | G16: 10 | H16: 0 | I16: 0 | J16: 0 | K16: 0 | L16: 0 | M16: 0 | N16: 0 | O16: 0 | P16: 0 | Q16: 0 | R16: 0 | S16: 0 | T16: 0 | U16: 0 | V16: 0 | W16: 0 | X16: =H16+I16+J16+K16-L16+M16+N16+O16+P16+Q16+R16+V16+W16+S16+T16+U16 -> 0 | Y16: 0 | Z16: =X16+Y16 -> 0
A17: 11. Udio u ostaloj sveobuhvatnoj dobiti/gubitku društava povezanih sudjelujućim interesom | G17: 11 | H17: 0 | I17: 0 | J17: 0 | K17: 0 | L17: 0 | M17: 0 | N17: 0 | O17: 0 | P17: 0 | Q17: 0 | R17: 0 | S17: 0 | T17: 0 | U17: 0 | V17: 0 | W17: 0 | X17: =H17+I17+J17+K17-L17+M17+N17+O17+P17+Q17+R17+V17+W17+S17+T17+U17 -> 0 | Y17: 0 | Z17: =X17+Y17 -> 0
A18: 12. Aktuarski dobici/gubici po planovima definiranih primanja | G18: 12 | H18: 0 | I18: 0 | J18: 0 | K18: 0 | L18: 0 | M18: 0 | N18: 0 | O18: 0 | P18: 0 | Q18: 0 | R18: 0 | S18: 0 | T18: 0 | U18: 0 | V18: 0 | W18: 0 | X18: =H18+I18+J18+K18-L18+M18+N18+O18+P18+Q18+R18+V18+W18+S18+T18+U18 -> 0 | Y18: 0 | Z18: =X18+Y18 -> 0
A19: 13. Ostale nevlasničke promjene kapitala | G19: 13 | H19: 0 | I19: 574488.62 | J19: 0 | K19: -2745105.5 | L19: -2745105.5 | M19: 0 | N19: 0 | O19: 0 | P19: -31414320 | Q19: 0 | R19: 0 | S19: -1915686.4 | T19: 0 | U19: 0 | V19: 36096836 | W19: 0 | X19: =H19+I19+J19+K19-L19+M19+N19+O19+P19+Q19+R19+V19+W19+S19+T19+U19 -> 3341318.1 | Y19: -948459.32 | Z19: =X19+Y19 -> 2392858.8
A20: 14. Porez na transakcije priznate direktno u kapitalu | G20: 14 | H20: 0 | I20: 0 | J20: 0 | K20: 0 | L20: 0 | M20: 0 | N20: 0 | O20: 0 | P20: 0 | Q20: 0 | R20: 0 | S20: 0 | T20: 0 | U20: 0 | V20: 0 | W20: 0 | X20: =H20+I20+J20+K20-L20+M20+N20+O20+P20+Q20+R20+V20+W20+S20+T20+U20 -> 0 | Y20: 0 | Z20: =X20+Y20 -> 0
A21: 15. Smanjenje temeljnog (upisanog) kapitala (osim u postupku predstečajne nagodbe i nastalog reinvestiranjem dobiti) | G21: 15 | H21: 0 | I21: 0 | J21: 0 | K21: 0 | L21: 0 | M21: 0 | N21: 0 | O21: 0 | P21: 0 | Q21: 0 | R21: 0 | S21: 0 | T21: 0 | U21: 0 | V21: 0 | W21: 0 | X21: =H21+I21+J21+K21-L21+M21+N21+O21+P21+Q21+R21+V21+W21+S21+T21+U21 -> 0 | Y21: 0 | Z21: =X21+Y21 -> 0
A22: 16. Smanjenje temeljnog (upisanog) kapitala u postupku predstečajne nagodbe | G22: 16 | H22: 0 | I22: 0 | J22: 0 | K22: 0 | L22: 0 | M22: 0 | N22: 0 | O22: 0 | P22: 0 | Q22: 0 | R22: 0 | S22: 0 | T22: 0 | U22: 0 | V22: 0 | W22: 0 | X22: =H22+I22+J22+K22-L22+M22+N22+O22+P22+Q22+R22+V22+W22+S22+T22+U22 -> 0 | Y22: 0 | Z22: =X22+Y22 -> 0
... A29: 23. Povećanje rezervi u postupku predstečajne nagodbe | G29: 23 | H29: 0 | I29: 0 | J29: 0 | K29: 0 | L29: 0 | M29: 0 | N29: 0 | O29: 0 | P29: 0 | Q29: 0 | R29: 0 | S29: 0 | T29: 0 | U29: 0 | V29: 0 | W29: 0 | X29: =H29+I29+J29+K29-L29+M29+N29+O29+P29+Q29+R29+V29+W29+S29+T29+U29 -> 0 | Y29: 0 | Z29: =X29+Y29 -> 0
A30: 24. Stanje na zadnji dan izvještajnog razdoblja prethodne poslovne godine (04 do 23) | G30: 24 | H30: =SUM(H10:H29) -> 21766541 | I30: =SUM(I10:I29) -> 8840183 | J30: =SUM(J10:J29) -> 1652223.1 | K30: =SUM(K10:K29) -> 30391488 | L30: =SUM(L10:L29) -> 30391488 | M30: =SUM(M10:M29) -> 0 | N30: =SUM(N10:N29) -> 0 | O30: =SUM(O10:O29) -> 0 | ... Z30: =SUM(Z10:Z29) -> 1.7962206e+09
A31: DODATAK IZVJEŠTAJU O PROMJENAMA KAPITALA (popunjava poduzetnik obveznik primjene MSFI-a)
A32: I. OSTALA SVEOBUHVATNA DOBIT PRETHODNOG RAZDOBLJA, UMANJENO ZA POREZE (AOP 06 do 14) | G32: 25 | H32: =SUM(H12:H20) -> 0 | I32: =SUM(I12:I20) -> 574488.62 | J32: =SUM(J12:J20) -> 0 | K32: =SUM(K12:K20) -> -2745105.5 | L32: =SUM(L12:L20) -> -2745105.5 | M32: =SUM(M12:M20) -> 0 | N32: =SUM(N12:N20) -> 0 | O32: =SUM(O12:O20) -> 0 | ... Z32: =SUM(Z12:Z20) -> 85366388
A33: II. SVEOBUHVATNA DOBIT ILI GUBITAK PRETHODNOG RAZDOBLJA (AOP 05+25) | G33: 26 | H33: =H11+H32 -> 0 | I33: =I11+I32 -> 574488.62 | J33: =J11+J32 -> 0 | K33: =K11+K32 -> -2745105.5 | L33: =L11+L32 -> -2745105.5 | M33: =M11+M32 -> 0 | N33: =N11+N32 -> 0 | O33: =O11+O32 -> 0 | ... Z33: =Z11+Z32 -> 2.294513e+08
A34: III. TRANSAKCIJE S VLASNICIMA PRETHODNOG RAZDOBLJA PRIZNATE DIREKTNO U KAPITALU (AOP 15 do 23) | G34: 27 | H34: =SUM(H21:H29) -> 0 | I34: =SUM(I21:I29) -> 0 | J34: =SUM(J21:J29) -> 0 | K34: =SUM(K21:K29) -> 0 | L34: =SUM(L21:L29) -> 0 | M34: =SUM(M21:M29) -> 0 | N34: =SUM(N21:N29) -> 0 | O34: =SUM(O21:O29) -> 0 | ... Z34: =SUM(Z21:Z29) -> -62466361
A35: Tekuće razdoblje
A36: 1. Stanje na dan početka tekuće poslovne godine | G36: 28 | H36: 21766541 | I36: 8917849.9 | J36: 1652223.1 | K36: 30179992 | L36: 30179992 | M36: 0 | N36: 0 | O36: 0 | P36: 1.1756251e+08 | Q36: -374877.32 | R36: 0 | S36: 17149692 | T36: 0 | U36: 0 | V36: 1.2153496e+09 | W36: 80106166 | X36: =H36+I36+J36+K36-L36+M36+N36+O36+P36+Q36+R36+V36+W36+S36+T36+U36 -> 1.4621297e+09 | Y36: 3.0726271e+08 | Z36: =X36+Y36 -> 1.7693924e+09
A37: 2. Promjene računovodstvenih politika | G37: 29 | H37: 0 | I37: 0 | J37: 0 | K37: 0 | L37: 0 | M37: 0 | N37: 0 | O37: 0 | P37: 0 | Q37: 0 | R37: 0 | S37: 0 | T37: 0 | U37: 0 | V37: 0 | W37: 0 | X37: =H37+I37+J37+K37-L37+M37+N37+O37+P37+Q37+R37+V37+W37+S37+T37+U37 -> 0 | Y37: 0 | Z37: =X37+Y37 -> 0
A38: 3. Ispravak pogreški | G38: 30 | H38: 0 | I38: 0 | J38: 0 | K38: 0 | L38: 0 | M38: 0 | N38: 0 | O38: 0 | P38: 0 | Q38: 0 | R38: 0 | S38: 0 | T38: 0 | U38: 0 | V38: 0 | W38: 0 | X38: =H38+I38+J38+K38-L38+M38+N38+O38+P38+Q38+R38+V38+W38+S38+T38+U38 -> 0 | Y38: 0 | Z38: =X38+Y38 -> 0
A39: 4. Stanje na dan početka tekuće poslovne godine (prepravljeno) (AOP 28 do 30) | G39: 31 | H39: =H36+H37+H38 -> 21766541 | I39: =I36+I37+I38 -> 8917849.9 | J39: =J36+J37+J38 -> 1652223.1 | K39: =K36+K37+K38 -> 30179992 | L39: =L36+L37+L38 -> 30179992 | M39: =M36+M37+M38 -> 0 | N39: =N36+N37+N38 -> 0 | O39: =O36+O37+O38 -> 0 | ... Z39: =Z36+Z37+Z38 -> 1.7693924e+09
A40: 5. Dobit/gubitak razdoblja | G40: 32 | H40: 0 | I40: 0 | J40: 0 | K40: 0 | L40: 0 | M40: 0 | N40: 0 | O40: 0 | P40: 0 | Q40: 0 | R40: 0 | S40: 0 | T40: 0 | U40: 0 | V40: 0 | W40: 1.3417388e+08 | X40: =H40+I40+J40+K40-L40+M40+N40+O40+P40+Q40+R40+V40+W40+S40+T40+U40 -> 1.3417388e+08 | Y40: 30421203 | Z40: =X40+Y40 -> 1.6459508e+08
A41: 6. Tečajne razlike iz preračuna inozemnog poslovanja | G41: 33 | H41: 0 | I41: 0 | J41: 0 | K41: 0 | L41: 0 | M41: 0 | N41: 0 | O41: 0 | P41: 0 | Q41: 0 | R41: 0 | S41: 0 | T41: 0 | U41: 0 | V41: 0 | W41: 0 | X41: =H41+I41+J41+K41-L41+M41+N41+O41+P41+Q41+R41+V41+W41+S41+T41+U41 -> 0 | Y41: 0 | Z41: =X41+Y41 -> 0
A42: 7. Promjene revalorizacijskih rezervi dugotrajne materijalne i nematerijalne imovine | G42: 34 | H42: 0 | I42: 0 | J42: 0 | K42: 0 | L42: 0 | M42: 0 | N42: 0 | O42: 0 | P42: 0 | Q42: 0 | R42: 0 | S42: 0 | T42: 0 | U42: 0 | V42: 0 | W42: 0 | X42: =H42+I42+J42+K42-L42+M42+N42+O42+P42+Q42+R42+V42+W42+S42+T42+U42 -> 0 | Y42: 0 | Z42: =X42+Y42 -> 0
A43: 8. Dobitak ili gubitak s osnove naknadnog vrednovanja financijske imovine prema fer vrijednosti kroz ostalu sveobuhvatnu dobit (raspoloživa za prodaju) | G43: 35 | H43: 0 | I43: 0 | J43: 0 | K43: 0 | L43: 0 | M43: 0 | N43: 0 | O43: 0 | P43: 29477859 | Q43: 0 | R43: 0 | S43: 0 | T43: 0 | U43: 0 | V43: 0 | W43: 0 | X43: =H43+I43+J43+K43-L43+M43+N43+O43+P43+Q43+R43+V43+W43+S43+T43+U43 -> 29477859 | Y43: 14163242 | Z43: =X43+Y43 -> 43641101
A44: 9. Dobitak ili gubitak s osnove učinkovite zaštite novčanog toka | G44: 36 | H44: 0 | I44: 0 | J44: 0 | K44: 0 | L44: 0 | M44: 0 | N44: 0 | O44: 0 | P44: 0 | Q44: -2565988.7 | R44: 0 | S44: 0 | T44: 0 | U44: 0 | V44: 2262671.3 | W44: 0 | X44: =H44+I44+J44+K44-L44+M44+N44+O44+P44+Q44+R44+V44+W44+S44+T44+U44 -> -303317.37 | Y44: -4653443.2 | Z44: =X44+Y44 -> -4956760.6
A45: 10. Dobitak ili gubitak s osnove učinkovite zaštite neto ulaganja u inozemstvu | G45: 37 | H45: 0 | I45: 0 | J45: 0 | K45: 0 | L45: 0 | M45: 0 | N45: 0 | O45: 0 | P45: 0 | Q45: 0 | R45: 0 | S45: 0 | T45: 0 | U45: 0 | V45: 0 | W45: 0 | X45: =H45+I45+J45+K45-L45+M45+N45+O45+P45+Q45+R45+V45+W45+S45+T45+U45 -> 0 | Y45: 0 | Z45: =X45+Y45 -> 0
A46: 11. Udio u ostaloj sveobuhvatnoj dobiti/gubitku društava povezanih sudjelujućim interesom | G46: 38 | H46: 0 | I46: 0 | J46: 0 | K46: 0 | L46: 0 | M46: 0 | N46: 0 | O46: 0 | P46: 0 | Q46: 0 | R46: 0 | S46: 0 | T46: 0 | U46: 0 | V46: 0 | W46: 0 | X46: =H46+I46+J46+K46-L46+M46+N46+O46+P46+Q46+R46+V46+W46+S46+T46+U46 -> 0 | Y46: 0 | Z46: =X46+Y46 -> 0
A47: 12. Aktuarski dobici/gubici po planovima definiranih primanja | G47: 39 | H47: 0 | I47: 0 | J47: 0 | K47: 0 | L47: 0 | M47: 0 | N47: 0 | O47: 0 | P47: 0 | Q47: 0 | R47: 0 | S47: 0 | T47: 0 | U47: 0 | V47: 0 | W47: 0 | X47: =H47+I47+J47+K47-L47+M47+N47+O47+P47+Q47+R47+V47+W47+S47+T47+U47 -> 0 | Y47: 0 | Z47: =X47+Y47 -> 0
A48: 13. Ostale nevlasničke promjene kapitala | G48: 40 | H48: 0 | I48: 2095074.7 | J48: 0 | K48: -3563442.2 | L48: -3563442.2 | M48: 0 | N48: 0 | O48: 0 | P48: -865658.85 | Q48: 125123.74 | R48: 0 | S48: 8865394.2 | T48: 0 | U48: 0 | V48: 3906843.9 | W48: 0 | X48: =H48+I48+J48+K48-L48+M48+N48+O48+P48+Q48+R48+V48+W48+S48+T48+U48 -> 14126778 | Y48: 2405305.5 | Z48: =X48+Y48 -> 16532083
A49: 14. Porez na transakcije priznate direktno u kapitalu | G49: 41 | H49: 0 | I49: 0 | J49: 0 | K49: 0 | L49: 0 | M49: 0 | N49: 0 | O49: 0 | P49: 0 | Q49: 0 | R49: 0 | S49: 0 | T49: 0 | U49: 0 | V49: 0 | W49: 0 | X49: =H49+I49+J49+K49-L49+M49+N49+O49+P49+Q49+R49+V49+W49+S49+T49+U49 -> 0 | Y49: 0 | Z49: =X49+Y49 -> 0
A50: 15. Smanjenje temeljnog (upisanog) kapitala (osim u postupku predstečajne nagodbe i nastalog reinvestiranjem dobiti) | G50: 42 | H50: 0 | I50: 0 | J50: 0 | K50: 0 | L50: 0 | M50: 0 | N50: 0 | O50: 0 | P50: 0 | Q50: 0 | R50: 0 | S50: 0 | T50: 0 | U50: 0 | V50: 0 | W50: 0 | X50: =H50+I50+J50+K50-L50+M50+N50+O50+P50+Q50+R50+V50+W50+S50+T50+U50 -> 0 | Y50: 0 | Z50: =X50+Y50 -> 0
A51: 16. Smanjenje temeljnog (upisanog) kapitala u postupku predstečajne nagodbe | G51: 43 | H51: 0 | I51: 0 | J51: 0 | K51: 0 | L51: 0 | M51: 0 | N51: 0 | O51: 0 | P51: 0 | Q51: 0 | R51: 0 | S51: 0 | T51: 0 | U51: 0 | V51: 0 | W51: 0 | X51: =H51+I51+J51+K51-L51+M51+N51+O51+P51+Q51+R51+V51+W51+S51+T51+U51 -> 0 | Y51: 0 | Z51: =X51+Y51 -> 0
... A58: 23. Povećanje rezervi u postupku predstečajne nagodbe | G58: 50 | H58: 0 | I58: 0 | J58: 0 | K58: 0 | L58: 0 | M58: 0 | N58: 0 | O58: 0 | P58: 0 | Q58: 0 | R58: 0 | S58: 0 | T58: 0 | U58: 0 | V58: 0 | W58: 0 | X58: =H58+I58+J58+K58-L58+M58+N58+O58+P58+Q58+R58+V58+W58+S58+T58+U58 -> 0 | Y58: 0 | Z58: =X58+Y58 -> 0
A59: 24. Stanje na zadnji dan izvještajnog razdoblja tekuće poslovne godine (AOP 31 do 50) | G59: 51 | H59: =SUM(H39:H58) -> 21766541 | I59: =SUM(I39:I58) -> 11012925 | J59: =SUM(J39:J58) -> 1652223.1 | K59: =SUM(K39:K58) -> 26616550 | L59: =SUM(L39:L58) -> 26616550 | M59: =SUM(M39:M58) -> 0 | N59: =SUM(N39:N58) -> 0 | O59: =SUM(O39:O58) -> 0 | ... Z59: =SUM(Z39:Z58) -> 1.9235288e+09
A60: DODATAK IZVJEŠTAJU O PROMJENAMA KAPITALA (popunjava poduzetnik obveznik primjene MSFI-a)
A61: I. OSTALA SVEOBUHVATNA DOBIT TEKUĆEG RAZDOBLJA, UMANJENO ZA POREZE (AOP 33 do 41) | G61: 52 | H61: =SUM(H41:H49) -> 0 | I61: =SUM(I41:I49) -> 2095074.7 | J61: =SUM(J41:J49) -> 0 | K61: =SUM(K41:K49) -> -3563442.2 | L61: =SUM(L41:L49) -> -3563442.2 | M61: =SUM(M41:M49) -> 0 | N61: =SUM(N41:N49) -> 0 | O61: =SUM(O41:O49) -> 0 | ... Z61: =SUM(Z41:Z49) -> 55216423
A62: II. SVEOBUHVATNA DOBIT ILI GUBITAK TEKUĆEG RAZDOBLJA (AOP 32 + 52) | G62: 53 | H62: =H40+H61 -> 0 | I62: =I40+I61 -> 2095074.7 | J62: =J40+J61 -> 0 | K62: =K40+K61 -> -3563442.2 | L62: =L40+L61 -> -3563442.2 | M62: =M40+M61 -> 0 | N62: =N40+N61 -> 0 | O62: =O40+O61 -> 0 | ... Z62: =Z40+Z61 -> 2.198115e+08
A63: III. TRANSAKCIJE S VLASNICIMA TEKUĆEG RAZDOBLJA PRIZNATE DIREKTNO U KAPITALU (AOP 42 do 50) | G63: 54 | H63: =SUM(H50:H58) -> 0 | I63: =SUM(I50:I58) -> 0 | J63: =SUM(J50:J58) -> 0 | K63: =SUM(K50:K58) -> 0 | L63: =SUM(L50:L58) -> 0 | M63: =SUM(M50:M58) -> 0 | N63: =SUM(N50:N58) -> 0 | O63: =SUM(O50:O58) -> 0 | ... Z63: =SUM(Z50:Z58) -> -65675116

Sheet Bilješke
A1: BILJEŠKE UZ FINANCIJSKE IZVJEŠTAJE - TFI (koji se sastavljaju za tromjesečna razdoblja) Naziv izdavatelja: ADRIS GRUPA d. d. OIB: 82023167977 Izvještajno razdoblje: 01.01.-30.09.2026. Bilješke uz financijske izvještaje za tromjesečna razdoblja uključuju: a) objašnjenje poslovnih događaja koji su značajni za razumijevanje promjena u izvještaju o financijskog položaju i poslovnim rezultatima za izvještajno tromjesečno razdoblje izdavatelja u odnosu na zadnju poslovnu godinu, odnosno objavljuju se informacije vezane uz te događaje i ažuriraju odgovarajuće informacije objavljene u posljednjem godišnjem financijskom izvještaju (točke od 15. do 15C MRS 34 - Financijsko izvještavanje za razdoblja tijekom godine), b) informacije gdje je omogućen pristup posljednjim godišnjim financijskim izvještajima, radi razumijevanja informacija objavljenih u bilješkama uz financijske izvještaje sastavljene za izvještajno tromjesečno razdoblje, c) izjava da se iste računovodstvene politike primjenjuju prilikom sastavljanja financijskih izvještaja za izvještajno tromjesečno razdoblje kao i u posljednjim godišnjim financijskim izvještajima ili, ako su te računovodstvene politike mijenjale, opis prirode i učinka promjene (točka 16.A (a) MRS 34- Financijsko izvještavanje za razdoblja tijekom godine), d) objašnjenje poslovnih rezultata u slučaju da izdavatelj obavlja djelatnost sezonske prirode (točke 37. i 38. MRS 34- Financijsko izvještavanje za razdoblja tijekom godine) e) ostale objave koje propisuje MRS 34- Financijsko izvještavanje za razdoblja tijekom godine te f) u bilješkama uz financijske izvještaje za tromjesečna razdoblja, osim gore navedenih informacija, objavljuju se i sljedeće informacije: 1. naziv, sjedište poduzetnika (adresa), pravni oblik poduzetnika, državu osnivanja, matični broj subjekta, osobni identifikacijski broj te, ako je primjenjivo, da je poduzetnik u likvidaciji, stečaju, skraćenom postupku prestanka ili izvanrednoj upravi 2. usvojene računovodstvene politike (samo naznaku je li došlo do promjene u odnosu na prethodno razdoblje) 3. ukupan iznos svih financijskih obveza, jamstava ili nepredviđenih izdataka koji nisu uključeni u bilancu, te naznaku prirode i oblika eventualno uspostavljenog stvarnog osiguranja koje je dano; sve obveze koje se odnose na mirovine poduzetnika unutar grupe ili društva povezana sudjelujućim interesom objavljuju se odvojeno 4. iznos i prirodu pojedinih stavki prihoda ili rashoda izuzetne veličine ili pojave 5. iznose koje poduzetnik duguje i koji dospijevaju nakon više od pet godina, kao i ukupna dugovanja poduzetnika pokrivena vrijednim osiguranjem koje je dao poduzetnik, uz naznaku vrste i oblika osiguranja 6. prosječan broj zaposlenih tijekom tekućeg razdoblja 7. ako je poduzetnik u poslovnoj godini sukladno propisima kapitalizirao trošak plaća djelomično ili u cijelosti, informaciju o iznosu ukupnog troška zaposlenih tijekom godine raščlanjenom na iznos koji je direktno teretio troškove razdoblja i iznos koji je kapitaliziran u vrijednost imovine tijekom razdoblja, na način da se za svaki dio posebno iskaže ukupni iznos neto plaća te iznos poreza, doprinosa iz plaća i doprinosa na plaće 8. ako su u bilanci priznata rezerviranja za odgođeni porez, stanja odgođenog poreza na kraju poslovne godine i kretanja tih stanja tijekom poslovne godine 9. naziv i sjedište svakog poduzetnika u kojem poduzetnik, bilo sam ili preko osobe koja djeluje u svoje ime ali za račun poduzetnika, drži sudjelujući udjel u kapitalu, iskazujući iznos kapitala koji se drži, iznos ukupnog kapitala i rezervi, i dobit ili gubitak posljednje poslovne godine predmetnog poduzetnika, a za koje su usvojeni godišnji financijski izvještaji; informacije u pogledu kapitala i rezervi i dobiti ili gubitka mogu se izostaviti u slučaju kada predmetni poduzetnik ne objavljuje svoju bilancu i nije pod kontrolom drugog poduzetnika 10. broj i nominalnu vrijednost, ili ako ne postoji nominalna vrijednost, knjigovodstvenu vrijednost dionica ili udjela upisanih tijekom poslovne godine u okviru odobrenog kapitala 11. postojanje bilo kakvih potvrda o sudjelovanju, konvertibilnih zadužnica, jamstava, opcija ili sličnih vrijednosnica ili prava, s naznakom njihovog broja i prava koja daju 12. naziv, sjedište te pravni oblik svakog poduzetnika u kojemu poduzetnik ima neograničenu odgovornost 13. naziv i sjedište poduzetnika koji sastavlja tromjesečni konsolidirani financijski izvještaj najveće grupe poduzetnika u kojoj poduzetnik sudjeluje kao kontrolirani član grupe 14. naziv i sjedište poduzetnika koji sastavlja tromjesečni konsolidirani financijski izvještaj najmanje grupe poduzetnika u kojoj poduzetnik sudjeluje kao kontrolirani član i koji je također uključen u grupu poduzetnika iz točke 13. 15. mjesto na kojem je moguće dobiti primjerke tromjesečnih konsolidiranih financijskih izvještaja iz točaka 13. i 14., pod uvjetom da su dostupni 16. prirodu i poslovnu svrhu aranžmana poduzetnika koji nisu uključeni u bilancu i financijski utjecaj tih aranžmana na poduzetnika, pod uvjetom da su rizici ili koristi koji proizlaze iz takvih aranžmana materijalni i u mjeri u kojoj je objavljivanje takvih rizika ili koristi nužno za procjenu financijskog stanja poduzetnika 17. prirodu i financijski učinak značajnih događaja koji su nastupili nakon datuma bilance i nisu odraženi u računu dobiti i gubitka ili bilanci
A42: BILJEŠKE UZ FINANCIJSKE IZVJEŠTAJE - TFI
A44: a)
A45: Poslovni događaji značajni za razumijevanje promjena u izvještaju o financijskog položaju i poslovnim rezultatima objavljeni su u nerevidiranim kvartalnim financijskim izvještajima 30.09.2026. koji su objavljeni na
A46: Internet stranicama Izdavatelja (www.adris.hr).
A48: b)
A49: Pristup posljednjim godišnjim financijskim izvještajima je omogućen na Internet stranicama Izdavatelja (https://www.adris.hr/odnosi-s-javnoscu/odnosi-s-investitorima/financijska-izvjesca/2025-2/).
A51: c)
A52: Iste računovodstvene politike i metode se primjenjuju prilikom sastavljanja financijskih izvještaja za tromjesečno izvještajno razdoblje kao i u posljednjim godišnjim financijskim izvještajima.
A54: d)
A55: Utjecaj sezonalnosti objašnjen je u nerevidiranim kvartalnim financijskim izvještajima 30.09.2026. objavljenim na Internet stranicama Izdavatelja (www.adris.hr).
A57: e)
... A62: 1.
A63: Naziv: | C63: ADRIS GRUPA d. d.
A64: Sjedište: | C64: Obala Vladimira Nazora 1, Rovinj
A65: Pravni oblik: | C65: dioničko društvo
A66: Država osnivanja: | C66: Republika Hrvatska
A67: MBS: | C67: 040001061
A68: OIB: | C68: 82023167977
A70: 2.
A71: Skraćeni financijski izvještaji Društva i Grupe sastavljeni su sukladno Međunarodnom računovodstvenom standardu 34 - Financijsko izvještavanje za razdoblja tijekom godine.
A72: Skraćeni financijski izvještaji ne sadrže sve podatke i objave koji su obvezni za godišnje financijske izvještaje te ih se treba čitati zajedno sa zadnje objavljenim godišnjim financijskim izvještajima.
A73: Dodatne informacije su objavljene u bilješci 2. nerevidiranih kvartalnih financijskih izvještaja 30.09.2026. objavljenih na Internet stranicama Izdavatelja (www.adris.hr).
A75: 3.
A76: Grupa na dan datum bilance ima preuzete obveze za buduća ulaganja u iznosu od 23,2 mil. eura temeljem obvezujućih ponuda za ulaganja u alternativne investicijske fondove.
A78: 4.
A79: Detalji su navedeni u nerevidiranim kvartalnim financijskim izvještajima 30.09.2026. objavljenim na Internet stranicama Izdavatelja (www.adris.hr).
A81: 5.
A82: Detalji o dugovanjima koja dospijevaju nakon više od pet godina objavljeni su u bilješci 11. nerevidiranog kvartalnog financijskog izvještaja 30.09.2026. koji je objavljen na Internet stranicama Izdavatelja (www.adris.hr).
A83: Za osiguranje plaćanja po dijelu kredita odobrenih od strane banaka i ostalih kreditora za nekoliko ovisnih društava upisane su hipoteke na imovinu i to na zemljište i zgrade u vrijednosti od 255.984 tisuće eura.
A85: 6.
A86: Prosječan broj zaposlenih tijekom poslovne godine: | D86: 8400
A88: 7.
A89: Grupa je u tekućem izvještajnom razdoblju kapitalizirala troškove neto plaća u iznosu 82,8 tisuća EUR, troškove doprinosa iz plaća u iznosu od 23,8 tisuća EUR, troškove poreza i prireza iz plaća u iznosu od 16,6 tisuća EUR,
A90: troškove doprinosa na plaće u iznosu 16,2 tisuća EUR te ostalih troškova zaposlenih u iznosu od 1,8 tisuća EUR.
A92: 8.
A93: Stanje odgođenih poreza je prikazano u nerevidiranim kvartalnim financijskim izvještajima 30.09.2026. objavljenim na Internet stranicama Izdavatelja (www.adris.hr).
A95: 9.
A96: Detalji su navedeni u bilješci 1. nerevidiranih kvartalnih financijskih izvještaja 30.09.2026. objavljenim na Internet stranicama Izdavatelja (www.adris.hr).
A98: 10.
A99: Tijekom poslovne godine nije bilo upisa dionica u okviru odobrenog kapitala Izdavatelja.
A101: 11.
A102: Grupa nema potvrda o sudjelovanju, konvertibilnih zadužnica, jamstava, opcija ili sličnih vrijednosnica ili prava.
A104: 12.
... A125: Tablica usklade TFI financijskog izvještaja i nerevidiranog MSFI financijskog izvještaja (iznosi su u tisućama eura):
A127: Stavka RDG-a u MSFI | D127: Iznos | E127: UKUPNO | F127: Stavka RDG-a u TFI | J127: Iznos | K127: UKUPNO | L127: Razlika | M127: Objašnjenje
A128: Poslovni prihodi | D128: 478922 | E128: =SUM(D128:D129) -> 964721 | F128: Prihodi od prodaje (izvan grupe) | J128: =RDG!J10/1000 -> 964721 | K128: =SUM(J128) -> 964721 | L128: =E128-K128 -> 0
A129: Prihodi od ugovora o osiguranju | D129: 485799
A130: Prihodi od kamata i ostali prihodi | D130: 47189 | E130: =SUM(D130:D132) -> 61098 | F130: Ostali poslovni prihodi (izvan grupe) | J130: =RDG!J13/1000 -> 61099 | K130: =SUM(J130) -> 61099 | L130: =E130-K130 -> -1
A131: Neto rezultat ugovora o (pasivnom) reosiguranju | D131: 0
A132: Ostali dobici | D132: 13909
A133: Rashodi od ugovora o osiguranju | D133: 419110 | E133: =SUM(D133:D135) -> 595031 | F133: Troškovi sirovina i materijala | J133: =RDG!J17/1000 -> 98506 | K133: =SUM(J133:J135) -> 485700 | L133: =E133-K133 -> 109331 | M133: Klasifikacijske razlike u strukturi RDG-a uslijed primjene MSFI 17
A134: Troškovi materijala i usluga | D134: 175921 | F134: Troškovi prodane robe | J134: =RDG!J18/1000 -> 1985
F135: Ostali vanjski troškovi | J135: 385209
A136: Troškovi zaposlenih | D136: 127264 | E136: =SUM(D136) -> 127264 | F136: Troškovi osoblja | J136: =RDG!J20/1000 -> 213624 | K136: =SUM(J136:J137) -> 213877 | L136: =E136-K136 -> -86613 | M136: Klasifikacijske razlike u strukturi RDG-a uslijed primjene MSFI 17
F137: Rezerviranja za mirovine, otpremnine i slične obveze | J137: =RDG!J30/1000 -> 253
A138: Amortizacija i vrijednosna usklađenja | D138: 60035 | E138: =SUM(D138) -> 60035 | F138: Amortizacija | J138: =RDG!J24/1000 -> 67345 | K138: =SUM(J138:J139) -> 67350 | L138: =E138-K138 -> -7315 | M138: Klasifikacijske razlike u strukturi RDG-a uslijed primjene MSFI 17
F139: Vrijednosna usklađenja dugotrajne imovine osim financijske imovine | J139: =RDG!J27/1000 -> 5
A140: Ostali poslovni rashodi | D140: 24823 | E140: =SUM(D140:D142) -> 51125 | F140: Ostali troškovi | J140: =RDG!J25/1000 -> 35181 | K140: =SUM(J140:J142) -> 66528 | L140: =E140-K140 -> -15403 | M140: Klasifikacijske razlike u strukturi RDG-a uslijed primjene MSFI 17
A141: Ostali gubici | D141: 234 | F141: Ostali poslovni rashodi | J141: =RDG!J36/1000 -> 31347
A142: Neto rezultat ugovora o (pasivnom) reosiguranju | D142: 26068
A144: Stavka bilance u MSFI | D144: Iznos | E144: UKUPNO | F144: Stavka RDG-a u TFI | J144: Iznos | K144: UKUPNO | L144: Razlika | M144: Objašnjenje
A145: Nekretnine, postrojenja i oprema | D145: 1049816 | E145: =SUM(D145:D148) -> 1288560 | F145: Materijalna imovina | J145: =Bilanca!I17/1000 -> 1288560 | K145: =SUM(J145:J148) -> 1288560 | L145: =E145-K145 -> 0
A146: Imovina s pravom uporabe | D146: 70012
A147: Ulaganja u nekretnine | D147: 162587
A148: Dugotrajna biološka imovina | D148: 6145
A149: Dugotrajni dužnički VP po amortiziranom trošku | D149: 167380 | E149: =SUM(D149:D154) -> 1313926 | F149: Dugotrajna financijska imovina | J149: =Bilanca!I27/1000 -> 1313926 | K149: =SUM(J149:J154) -> 1313926 | L149: =E149-K149 -> 0
A150: Dugotrajna financijska imovina po FV kroz OSD | D150: 1001779
A151: Dugotrajna financijska imovina po FV kroz RDG | D151: 100380
A152: Ulaganja u pridružena društva i zajedničke poduhvate | D152: 12432
A153: Dugotrajna potraživanja za dane zajmove | D153: 1329
A154: Dugotrajni depoziti | D154: 30626
A155: Kratkotrajna potraživanja iz poslovanja i ostala potraživanja | D155: 132490 | E155: =SUM(D155:D158) -> 224789 | F155: Potraživanja (kratkotrajna) | J155: =Bilanca!I53/1000 -> 120505 | K155: =SUM(J155:J158) -> 224788 | L155: =E155-K155 -> 1
A156: Potraživanja po osnovi poreza na dobit | D156: 12301 | F156: Plaćeni troškovi budućeg razdoblja i obračunati prihodi | J156: =Bilanca!I71/1000 -> 104283
A157: Imovina iz ugovora o reosiguranju | D157: 69292
A158: Imovina iz ugovora o osiguranju | D158: 10706
A159: Kratkotrajni dužnički VP po amortiziranom trošku | D159: 25334 | E159: =SUM(D159:D163) -> 364994 | F159: Kratkotrajna financijska imovina | J159: =Bilanca!I60/1000 -> 364995 | K159: =SUM(J159:J163) -> 364995 | L159: =E159-K159 -> -1
A160: Kratkotrajna financijska imovina po FV kroz OSD | D160: 102686
A161: Kratkotrajna financijska imovina po FV kroz RDG | D161: 61764
A162: Kratkotrajna potraživanja za dane zajmove | D162: 4370
A163: Depoziti | D163: 170840
A164: Posudbe (dugoročne) | D164: 405486 | E164: =SUM(D164) -> 405486 | F164: Obveze za zajmove, depozite i slično (dugoročne) | J164: =Bilanca!I111/1000 -> 7238 | K164: =SUM(J164:J165) -> 405487 | L164: =E164-K164 -> -1
F165: Obveze prema bankama i drugim financijskim institucijama (dugoročne) | J165: =Bilanca!I112/1000 -> 398249
A166: Dugoročna rezerviranja | D166: 28761 | E166: =SUM(D166:D169) -> 969628 | F166: Rezerviranja | J166: =Bilanca!I99/1000 -> 969628 | K166: =SUM(J166:J167) -> 969628 | L166: =E166-K166 -> 0
A167: Kratkoročna rezerviranja | D167: 12584
A168: Obveze iz ugovora o reosiguranju | D168: 4886
A169: Obveze iz ugovora o osiguranju | D169: 923397
A170: Dugoročne obveze prema za najmove | D170: 67704 | E170: =SUM(D170:D171) -> 69471 | F170: Ostale dugoročne obveze | J170: =Bilanca!I116/1000 -> 69470 | K170: =SUM(J170:J171) -> 69470 | L170: =E170-K170 -> 1
A171: Ostale financijske obveze (dugoročne) | D171: 1767
A172: Posudbe (kratkoročne) | D172: 10211 | E172: =SUM(D172) -> 10211 | F172: Obveze prema bankama i drugim financijskim institucijama (kratkoročne) | K172: =Bilanca!I124/1000 -> 10211 | L172: =E172-K172 -> 0
A173: Obveze prema dobavljačima i ostale obveze (kratkoročne) | D173: 138459 | E173: =SUM(D173:D180) -> 194215 | F173: Obveze za predujmove | J173: =Bilanca!I125/1000 -> 21302 | K173: =SUM(J173:J179) -> 194216 | L173: =E173-K173 -> -1
A174: Ugovorne obveze | D174: 19883 | F174: Obveze prema dobavljačima | J174: =Bilanca!I126/1000 -> 37955
A175: Obveza za porez na dobit | D175: 13946 | F175: Obveze prema zaposlenicima | J175: =Bilanca!I128/1000 -> 22803
A176: Kratkoročne obveze za najmove | D176: 4623 | F176: Obveze za poreze, doprinose i slična davanja | J176: =Bilanca!I129/1000 -> 32362
A177: Ostale kratkoročne financijske obveze | D177: 17304 | F177: Obveze s osnove udjela u rezultatu | J177: =Bilanca!I130/1000 -> 3061
F178: Ostale kratkoročne obveze | J178: =Bilanca!I132/1000 -> 42311
F179: Odgođeno plaćanje troškova i prihod budućeg razdoblja | J179: =Bilanca!I133/1000 -> 34422
